 Dungeon Crawl Stone Soup version 0.30-a0-377-g5cb311bc9f (webtiles) character file.

Game seed: 17167860159599815644

1340 qeuew the Ruffian (level 8, -2/71 HPs)
             Began as a Troll Chaos Knight on Nov 30, 2022.
             Was a Plaything of Xom.
             Slain by an unseen horror (7 damage)
             ... on level 7 of the Dungeon.
             The game lasted 00:08:46 (4786 turns).

qeuew the Ruffian (Troll Chaos Knight)              Turns: 4786, Time: 00:08:47

Health: -2/71      AC: 10    Str: 18      XL:     8   Next: 35%
Magic:  7/7        EV: 10    Int: 12      God:    Xom [.*....]
Gold:   395        SH:  5    Dex:  6 (8)  Spells: 7/7 levels left

rFire   . . .      SeeInvis .      - Unarmed
rCold   . . .      Faith    .    (no shield)
rNeg    . . .      Spirit   .    a - +2 robe
rPois   +          Reflect  +    (helmet restricted)
rElec   .          Harm     +    o - scarf {harm}
rCorr   .          Rampage  .    (gloves unavailable)
Will    +....                    (boots unavailable)
Stlth   +.........               e - amulet of reflection
HPRegen 1.11/turn                c - ring of poison resistance
MPRegen 0.10/turn                v - +4 ring of protection

@: no status effects
A: large, unfitting armour, claws 3, regeneration 1, shaggy fur 1, tough skin 1,
antennae 1, clever 1, deterioration 1, frail 1, strong-willed 1, weak 2
a: Renounce Religion


You were on level 7 of the Dungeon.
You worshipped Xom.
You were a plaything of Xom.
You visited 1 branch of the dungeon, and saw 7 of its levels.
You also visited: Sewer.

You collected 395 gold pieces.

Inventory:

Hand Weapons
 l - the +7 Throatcutter {drain, coup de grace}
   (You found it on level 3 of the Dungeon)

   A truly terrible weapon, it drains the life of any living foe it strikes.
   It may instantly kill foes which have little health.
Armour
 a - a +2 robe (worn)
 o - a scarf of harm (worn)
Jewellery
 c - a ring of poison resistance (left claw)
 e - an amulet of reflection (around neck)
 v - a +4 ring of protection (right claw)
Wands
 m - a wand of charming (18)
Scrolls
 f - 2 scrolls of enchant weapon
 h - 5 scrolls of teleportation
 j - 3 scrolls of fear
 p - a scroll of identify
 r - a scroll of silence
Potions
 i - a potion of invisibility
Miscellaneous
 b - a piece from Xom's chessboard (15/15) (quivered)


   Skills:
 + Level 4.5 Fighting
 + Level 4.3 Dodging
 * Level 7.1 Unarmed Combat
 + Level 3.1 Evocations


You had 7 spell levels left.
You didn't know any spells.
Your spell library contained the following spells:

 Spells                   Type           Power      Damage    Failure   Level
 Sublimation of Blood     Necr           0%         N/A       45%         2
 Wereblood                Tmut           0%         N/A       45%         2
 Call Canine Familiar     Summ           0%         N/A       69%         3
 Portal Projectile        Hex/Tloc       0%         N/A       69%         3
 Leda's Liquefaction      Hex/Erth       0%         N/A       97%         4
 Summon Hydra             Summ           0%         N/A       100%        7


Dungeon Overview and Level Annotations

Branches:
Dungeon (7/15)              Sewer (visited)
 Temple: D:4-7

Altars:
Elyvilon
Hepliaklqana
Kikubaaqudgha
Okawaru
Wu Jian

Shops:
D:6 (

Annotations:
D:5 2 transporters, qeuew's ghost, amateur HOFi


Innate Abilities, Weirdness & Mutations

You are too large for most types of armour.
You have claws for hands.
Your natural rate of healing is unusually fast.
You are covered in fur. (AC +1)
You have tough skin. (AC +1)
You have a pair of small antennae on your head.
Your mind is acute. (Int +4, Str/Dex -1)
Your body sometimes deteriorates upon taking damage.
You are frail. (-10% HP)
You are strong-willed. (Will+)
You are very weak. (Str -4)


Message History

* * * LOW HITPOINT WARNING * * *
You miss something. Something hits you.
* * * LOW HITPOINT WARNING * * *
Something hits you.
* * * LOW HITPOINT WARNING * * *
You scratch something. Something hits you but does no damage.
Something hits you!
* * * LOW HITPOINT WARNING * * *
Your body deteriorates!
You feel clumsy.
You feel better. Something hits you but does no damage. Something hits you!
* * * LOW HITPOINT WARNING * * *
You barely miss something. Something hits you.
* * * LOW HITPOINT WARNING * * *
Blink to where?
Press: ? - help, Dir - move target
As you read the scroll of blinking, it crumbles to dust.
You are confused.
You feel invigorated.
Something hits you but does no damage. x2
You completely miss something. Something hits you.
* * * LOW HITPOINT WARNING * * *
Something hits you.
* * * LOW HITPOINT WARNING * * *
You bump into the rock wall.
Something hits you but does no damage.
You feel less invigorated.
You feel less confused. Something hits you but does no damage.
Something hits you!
* * * LOW HITPOINT WARNING * * *
You barely miss something.
Something hits you but does no damage. x2
You miss something.
Something hits you but does no damage. x2
You closely miss something. Something hits you.
* * * LOW HITPOINT WARNING * * *
Something hits you but does no damage. x2
You barely miss something. Something hits you.
* * * LOW HITPOINT WARNING * * *
Something hits you but does no damage.
You scratch something. Something hits you.
* * * LOW HITPOINT WARNING * * *
Something hits you.
You die...

#..# ....# #..# ....# ###
#..# >...## ##.## #..#
####......
##..<###..######.......#.
#........................
##...###.###...........#.
##.## #.# #.#####.#####.
#.# #@# #.# ##...## #>
#.# #{# #.# #.....# #.
#.# #.# #.# #.....###.
#.# #.# #.# #.........
#.# #.# #.# ##...####.
##.####.###.# #..## #.
.........##.# #..#####.
#..##.####..#.....
#.ยง...............


There were no monsters in sight!

Vanquished Creatures
  Eustachio (D:5)
  A water moccasin (D:6)
  2 black bears (D:5)
  A centaur (D:6)
  A bullfrog (D:6)
  A kobold brigand (D:3)
  2 scorpions (D:5)
  A hound (D:6)
  A gnoll bouda (D:6)
  3 orc wizards
  17 gnolls
  5 river rats
  7 adders
  2 shadow imps
  2 dart slugs
  4 worms
  13 orcs
  5 bats
  10 endoplasms
  3 giant cockroaches
  9 goblins
  3 hobgoblins
  8 jackals
  5 quokkas
  8 ball pythons
  5 frilled lizards
  24 kobolds
  9 rats
153 creatures vanquished.

Notes
Turn   | Place    | Note
-------+----------+-------------------------------------------
     0 | D:1      | qeuew the Troll Chaos Knight began the quest for the Orb.
     0 | D:1      | Reached XP level 1. HP: 22/22 MP: 0/0
    71 | D:1      | XOM: divination: detect creatures
   137 | D:1      | Reached XP level 2. HP: 29/29 MP: 1/1
   277 | D:1      | XOM: divination: magic mapping
   311 | D:1      | XOM: divination: magic mapping
   648 | D:2      | XOM: smoke on damage
   650 | D:2      | Reached XP level 3. HP: 33/36 MP: 2/2
   701 | D:2      | Reached skill level 1 in Evocations
   741 | D:2      | Reached XP level 4. HP: 44/44 MP: 3/3
   893 | D:2      | Reached skill level 4 in Unarmed Combat
   924 | D:2      | XOM: cloud trail
  1024 | D:2      | XOM: give mutations
  1024 | D:2      | Gained mutation: You are clumsy. (Dex -2) [Xom's mischief]
  1024 | D:2      | Lost mutation: You are clumsy. (Dex -2) [Xom's mischief]
  1024 | D:2      | Gained mutation: Your mind is acute. (Int +4, Str/Dex -1)
                  | [Xom's mischief]
  1226 | D:3      | Reached XP level 5. HP: 53/53 MP: 4/4
  1371 | D:3      | Found a glowing drain.
  1375 | Sewer    | Entered a sewer
  1382 | Sewer    | XOM: snakes to sticks
  1401 | Sewer    | XOM: 4-stop teleportation journey
  1536 | Sewer    | XOM is BORED!
  1536 | Sewer    | XOM: stat loss: -2 Int (10/12)
  1547 | Sewer    | XOM: give mutations
  1547 | Sewer    | Gained mutation: You are clumsy. (Dex -2) [Xom's mischief]
  1547 | Sewer    | Gained mutation: You have a pair of small horns on your
                  | head. [Xom's mischief]
  1795 | D:3      | XOM: give mutations
  1795 | D:3      | Gained mutation: You are weak. (Str -2) [Xom's mischief]
  1795 | D:3      | Gained mutation: You occasionally shout uncontrollably at
                  | your foes. [Xom's mischief]
  1831 | D:3      | Identified the +1 leather armour "Plog" {rF+}
  1947 | D:3      | XOM: 1-stop teleportation journey
  2030 | D:3      | XOM: give mutations
  2030 | D:3      | Lost mutation: You are clumsy. (Dex -2) [Xom's grace]
  2030 | D:3      | Gained mutation: You are agile. (Dex +4, Str/Int -1) [Xom's
                  | grace]
  2091 | D:3      | Found the +7 Throatcutter {drain, coup de grace}
  2103 | D:3      | Reached XP level 6. HP: 49/61 MP: 5/5
  2264 | D:4      | XOM: cleaving
  2268 | D:4      | Reached skill level 5 in Unarmed Combat
  2709 | D:4      | XOM: divination: detect items
  2756 | D:5      | Entered Level 5 of the Dungeon
  2841 | D:5      | Reached XP level 7. HP: 49/68 MP: 6/6
  2915 | D:5      | Found a transporter.
  3151 | D:5      | XOM: noise
  3230 | D:5      | Noticed Eustachio
  3238 | D:5      | Killed Eustachio
  3239 | D:5      | Reached skill level 6 in Unarmed Combat
  3405 | D:5      | Found a transporter.
  3408 | D:5      | Noticed qeuew's ghost (amateur HOFi)
  3559 | D:5      | Found a white marble altar of Elyvilon.
  3583 | D:5      | XOM: silly message
  3706 | D:5      | Lost mutation: You are agile. (Dex +4, Str/Int -1) [potion
                  | of mutation]
  3706 | D:5      | Lost mutation: You occasionally shout uncontrollably at
                  | your foes. [potion of mutation]
  3706 | D:5      | Gained mutation: You are frail. (-10% HP) [potion of
                  | mutation]
  3706 | D:5      | Gained mutation: Your body sometimes deteriorates upon
                  | taking damage. [potion of mutation]
  3706 | D:5      | Gained mutation: You are strong-willed. (Will+) [potion of
                  | mutation]
  3706 | D:5      | Gained mutation: You have supernaturally acute eyesight.
                  | (SInv) [potion of mutation]
  3772 | D:6      | Reached XP level 8. HP: 69/70 MP: 7/7
  3787 | D:6      | XOM: smoke on damage
  3806 | D:6      | XOM: silly message
  3828 | D:6      | XOM: cast spell 'Chain of Chaos'
  3913 | D:6      | XOM: give mutations
  3913 | D:6      | Lost mutation: You have a pair of small horns on your head.
                  | [Xom's mischief]
  3913 | D:6      | Gained mutation: You have a pair of small antennae on your
                  | head. [Xom's mischief]
  3913 | D:6      | Gained mutation: You are very weak. (Str -4) [Xom's
                  | mischief]
  3913 | D:6      | Lost mutation: You have supernaturally acute eyesight.
                  | (SInv) [Xom's mischief]
  3937 | D:6      | Found an iron altar of Okawaru.
  4038 | D:6      | XOM: 3-stop teleportation journey
  4054 | D:6      | Reached skill level 7 in Unarmed Combat
  4192 | D:6      | Found an ancient bone altar of Kikubaaqudgha.
  4256 | D:6      | Found Zum Paife's Antique Weapon Shoppe.
  4291 | D:6      | Found a hazy altar of Hepliaklqana.
  4300 | D:6      | Found an ornate altar of the Wu Jian Council.
  4510 | D:6      | XOM: noise
  4571 | D:6      | XOM: noise
  4758 | D:7      | HP: 3/71 [something (9)]
  4772 | D:7      | HP: 1/71 [something (6)]
  4786 | D:7      | Slain by an unseen horror

Illustrated notes

Levels and vault maps discovered:
D:1:      saegor_arrival_simple_b, layout_loops_ring
D:2:      layout_rooms, minmay_close_crescents
D:3:      layout_basic, gup_sewer_entry_spiral, dilly_guarded_unrand_throatcut
D:4:      layout_basic
D:5:      layout_loops_corners, kennysheep_mini, gammafunk_ghost_stat_death,
          uniq_eustachio
D:6:      layout_loops_corners, okawaru_metal_pillars_3,
          mainiacjoe_overflow_swirl, old_standard_altar, serial_shops,
          nicolae_shop_trees
D:7:      layout_loops_ring, temple_green

Skill      XL: |  1  2  3  4  5  6  7  8 |
---------------+-------------------------+-----
Dodging        | 2 3 4 |  4.3
Evocations     | 1 2 3 |  3.1
Unarmed Combat | 4 5 6 7 |  7.1
Fighting       | 3 4 |  4.5

Action                   |  1- 3 |  4- 6 |  7- 9 || total
-------------------------+-------+-------+-------++-------
Melee: Unarmed           |    90 |   201 |   130 ||   421
       Punch             |       |     6 |     2 ||     8
       Headbutt          |       |    12 |     5 ||    17
  Use: Scroll            |     2 |    10 |     3 ||    15
       Potion            |       |     5 |     7 ||    12
 Stab: Sleeping          |     1 |     1 |     1 ||     3
       Confused          |       |       |     1 ||     1
Armor: Robe              |    40 |    49 |    51 ||   140
Dodge: Dodged            |    48 |    83 |    53 ||   184
Block: Other             |       |     9 |    21 ||    30
       Reflection        |       |     1 |     1 ||     2

Table legend: (Time is in decaauts)
 A = Elapsed time spent in this place.
 B = Non-inter-level travel time spent in this place.
 C = Inter-level travel time spent in this place.
 D = Time resting spent in this place.
 E = Time spent auto-exploring this place.
 F = Levels seen in this place.
 G = Mean time per level.
                   A        B        C        D        E       F      G
               +--------+--------+--------+--------+--------+-----+--------+
         Total |   4832 |   4605 |    227 |      2 |   3588 |   8 |  604.0 |
       Dungeon |   4508 |   4281 |    227 |      2 |   3409 |   7 |  644.0 |
         Sewer |    324 |    324 |      0 |      0 |    178 |   1 |  324.0 |
               +--------+--------+--------+--------+--------+-----+--------+

Top non-repeatable levels by time:
     D:5: 961 daAuts
     D:6: 937 daAuts
     D:3: 755 daAuts
     D:1: 633 daAuts
     D:4: 602 daAuts
     D:2: 506 daAuts
   Sewer: 324 daAuts
     D:7: 111 daAuts
